 Dungeon Crawl Stone Soup version 0.28-a0-751-gef3a642a4e (webtiles) character file.

Game seed: 1922679627520181550

0 Gargoyl the Skirmisher (level 1, -4/20 HPs)
             Began as a Gnoll Abyssal Knight on Oct 30, 2021.
             Was a Follower of Lugonu.
             Slain by an ancient zyme (6 damage)
             ... on level 1 of the Abyss.
             The game lasted 00:00:36 (261 turns).

Gargoyl the Skirmisher (Gnoll Abyssal Knight)        Turns: 261, Time: 00:00:37

Health: -4/20      AC:  3    Str: 12    XL:     1   Next: 0%
Magic:  3/3        EV: 12    Int: 11    God:    Lugonu [*.....]
Gold:   13         SH:  0    Dex: 12    Spells: 0/0 levels left

rFire   . . .      SeeInvis .   a - +1 hand axe
rCold   . . .      Faith    .   (no shield)
rNeg    . . .      Spirit   .   b - +0 leather armour
rPois   .          Reflect  .   (no helmet)
rElec   .          Harm     .   (no cloak)
rCorr   .          Rampage  .   (no gloves)
Will    .....                   (no boots)
Stlth   +.........              (no amulet)
HPRegen 0.00/turn               (no ring)
MPRegen 0.08/turn               (no ring)

@: sick
A: fangs 1, strong nose, distributed training, clever 1, frail 1, no potion heal
1
a: Renounce Religion, Depart the Abyss


You were on level 1 of the Abyss.
You worshipped Lugonu.
Lugonu was aware of your devotion.
You visited 0 branches of the dungeon, and saw 0 of its levels.
You visited the Abyss 1 time.

You collected 13 gold pieces.

Inventory:

Hand Weapons
 a - a +1 hand axe (weapon)
Armour
 b - a +0 leather armour (worn)
 c - a +0 chain mail
Scrolls
 d - a scroll of blinking


   Skills:
 + Level 6.4 Fighting
 + Level 0.0 Short Blades
 + Level 0.0 Long Blades
 + Level 4.4 Axes
 + Level 0.0 Maces & Flails
 + Level 0.0 Polearms
 + Level 0.0 Staves
 + Level 0.0 Slings
 + Level 0.0 Bows
 + Level 0.0 Crossbows
 + Level 0.0 Throwing
 + Level 4.4 Armour
 + Level 2.3 Dodging
 + Level 0.0 Stealth
 + Level 0.0 Shields
 + Level 0.0 Unarmed Combat
 + Level 0.0 Spellcasting
 + Level 0.0 Conjurations
 + Level 0.0 Hexes
 + Level 0.0 Summonings
 + Level 0.0 Necromancy
 + Level 0.0 Translocations
 + Level 0.0 Transmutations
 + Level 0.0 Fire Magic
 + Level 0.0 Ice Magic
 + Level 0.0 Air Magic
 + Level 0.0 Earth Magic
 + Level 0.0 Poison Magic
 + Level 4.4 Invocations
 + Level 0.0 Evocations


You couldn't memorise any spells.
You didn't know any spells.
Your spell library contained the following spells:

 Spells                   Type           Power      Damage    Failure   Level
 Passage of Golubria      Tloc           0%         N/A       99%         4
 Silence                  Hex/Air        0%         N/A       100%        5
 Lehudib's Crystal Spear  Conj/Erth      0%         10d2      100%        8


Dungeon Overview and Level Annotations

Branches:
Dungeon (0/15)

Altars:


Innate Abilities, Weirdness & Mutations

You have very sharp teeth.
Your uncanny sense of smell can sniff out nearby items.
Your experience applies equally to all skills.
Your mind is acute. (Int +2)
You are frail. (-10% HP)
Potions are less effective at restoring your health.


Message History

It was a potion of mutation.
You feel extremely strange.
You feel frail.
Your system partially rejects the healing effects of potions.
You feel clever.
Found a gateway leading out of the Abyss.
You pick up a book of the Moon and begin reading...
You add the spells Passage of Golubria, Silence and Lehudib's Crystal Spear to your library.
Found a gateway leading deeper into the Abyss.
c - a bubbling coppery potion It was a potion of cancellation.
You feel magically purged.
c - a scroll labelled AQYMUG NOEJ
d - a scroll labelled ZAIC OCOSHROURGH You now have 13 gold pieces.
Found 18 arrows.
A lurking horror comes into view.
As you read the scroll labelled AQYMUG NOEJ, it crumbles to dust.
It is a scroll of identify.
d - a scroll of blinking You slash the lurking horror!
Your body is wracked with pain!
Unknown command.
Key pressed, stopping explore.
An ancient zyme comes into view.
You feel yourself growing ill in the presence of the ancient zyme.
An ancient zyme is nearby!
You feel ill.
You feel ill.
Found a chain mail.
You see here a +0 chain mail.
c - a +0 chain mail You feel ill.
You feel ill.
An ancient zyme comes into view.
You feel ill.
You feel ill.
You feel ill. The ancient zyme hits you! x2
* * * LOW HITPOINT WARNING * * *
Unknown command.
You barely miss the ancient zyme. The ancient zyme hits you.
You die...

... # . .# ..# .
..#.## .##.#
..#....### #...#
..... #. .. +...#
.....###... #...##
. ...# ...
#....#+... #.....
###....## ##.....#
#@x.x...###.....##
####...........##
+#.........# ##
.....### ..
###+### .. ... #..
#


You could see 2 ancient zymes.

Vanquished Creatures
  A lurking horror (Abyss:1)
1 creature vanquished.

Notes
Turn   | Place    | Note
-------+----------+-------------------------------------------
     0 | Abyss:1  | Gargoyl the Gnoll Abyssal Knight began the quest for the
                  | Orb.
     0 | Abyss:1  | Reached XP level 1. HP: 23/23 MP: 3/3
     6 | Abyss:1  | Gained mutation: You are frail. (-10% HP) [potion of
                  | mutation]
     6 | Abyss:1  | Gained mutation: Potions are less effective at restoring
                  | your health. [potion of mutation]
     6 | Abyss:1  | Gained mutation: Your mind is acute. (Int +2) [potion of
                  | mutation]
    72 | Abyss:1  | Found a corrupted altar of Lugonu.
   209 | Abyss:1  | Noticed an ancient zyme
   254 | Abyss:1  | Noticed an ancient zyme
   261 | Abyss:1  | Slain by an ancient zyme

Illustrated notes

Levels and vault maps discovered:
Abyss:1:  base: Temple, base:
Temple

Action                   || total
-------------------------++-------
Melee: Hand axe          ||     2
  Use: Potion            ||     2
       Scroll            ||     1

Table legend: (Time is in decaauts)
 A = Elapsed time spent in this place.
 B = Non-inter-level travel time spent in this place.
 C = Inter-level travel time spent in this place.
 D = Time resting spent in this place.
 E = Time spent auto-exploring this place.
 F = Levels seen in this place.
 G = Mean time per level.
                   A        B        C        D        E       F      G
               +--------+--------+--------+--------+--------+-----+--------+
         Total |    261 |    261 |      0 |      0 |    191 |   1 |  261.0 |
         Abyss |    261 |    261 |      0 |      0 |    191 |   1 |  261.0 |
               +--------+--------+--------+--------+--------+-----+--------+

Top non-repeatable levels by time:
 Abyss:1: 261 daAuts
